 Dungeon Crawl Stone Soup version 0.25.1-2-g60ff931df9 (webtiles) character file.

Game seed: 1538154765971260508

224 hawla the Slasher (level 5, 0/45 HPs)
             Began as a Minotaur Gladiator on Nov 2, 2020.
             Was an Initiate of Gozag.
             Succumbed to a water moccasin's poison
             ... on level 3 of the Dungeon.
             The game lasted 00:08:40 (2798 turns).

hawla the Slasher (Minotaur Gladiator)              Turns: 2798, Time: 00:08:41

Health: 0/45       AC:  4    Str: 19    XL:     5   Next: 67%
Magic:  4/4        EV: 14    Int:  5    God:    Gozag
Gold:   182        SH:  0    Dex: 12    Spells: 4/4 levels left

rFire    . . .     SeeInvis .   s - +2 dagger (vamp)
rCold    . . .     Gourm    .   (no shield)
rNeg     . . .     Faith    .   b - +0 leather armour
rPois    .         Spirit   .   c - +0 hat
rElec    .         Reflect  .   (no cloak)
rCorr    .         Harm     .   (no gloves)
MR       .....                  j - +0 pair of boots
Stlth    +.........             (no amulet)
HPRegen  0.15/turn              (no ring)
MPRegen  0.09/turn              (no ring)

@: brilliant, lethally poisoned (0 -> -20), stab, hasted, very quick
A: retaliatory headbutt, horns 2, evolution 1, sturdy frame 1
a: Potion Petition, Call Merchant, Bribe Branch, Renounce Religion


You were on level 3 of the Dungeon.
You worshipped Gozag.
Gozag was aware of your devotion.
You were full.

You visited 1 branch of the dungeon, and saw 3 of its levels.

You collected 224 gold pieces.
You paid 42 gold pieces to Gozag.

Inventory:

Hand Weapons
 a - a +1 long sword
 s - a +2 vampiric dagger (weapon)
Missiles
 d - 3 throwing nets
 k - 6 poisoned darts (quivered)
Armour
 b - a +0 leather armour (worn)
 c - a +0 hat (worn)
 j - a +0 pair of boots (worn)
Scrolls
 e - a scroll of magic mapping
 l - a scroll of teleportation
Potions
 p - a potion of stabbing
Comestibles
 f - 3 rations


   Skills:
 + Level 3.4 Fighting
 + Level 0.9(3.0) Short Blades
 + Level 5.0(5.1) Long Blades
 + Level 2.4 Throwing
 + Level 2.3 Armour
 * Level 4.7 Dodging
 + Level 0.4 Stealth


You had 4 spell levels left.
You didn't know any spells.
Your spell library was empty.

Dungeon Overview and Level Annotations

Branches:
Dungeon (3/15)

Altars:
Dithmenos
Elyvilon
Gozag
Sif Muna
Vehumet


Innate Abilities, Weirdness & Mutations

You reflexively headbutt those who attack you in melee.
You have a pair of horns on your head.
You evolve.
Your movements are slightly less encumbered by armour. (ER -2)


Message History

The water moccasin poisons you!
It was a potion of haste.
You feel yourself speed up.
* * * LOW HITPOINT WARNING * * *
You feel sick. The water moccasin bites you.
* * * LOW HITPOINT WARNING * * *
The water moccasin barely misses you.
It was a potion of mutation.
You feel extremely strange.
You feel less encumbered by your armour.
You feel nature experimenting on you.
Don't worry, failures die fast.
* * * LOW HITPOINT WARNING * * *
You feel sick. The water moccasin misses you. You furiously retaliate!
You headbutt the water moccasin!
It was a potion of stabbing.
You feel ready to backstab.
* * * LOW HITPOINT WARNING * * *
You feel sick. The water moccasin barely misses you.
It was a potion of brilliance.
You feel clever all of a sudden.
You die...
Your body crumbles into a pile of gold.

.######### .........#
########## #########
############.......#
#..........'.......#
#.##########.......# #.#
#.......# #.# #...@S..#
#.# #.......# #.#
#######.# #.# ...
##.###################.#
...................>. +
##.#######...........
#<.#.................
#.##.#####.##########


You could see a water moccasin.

Vanquished Creatures
  A centaur (D:3)
  4 gnolls (D:3)
  5 adders
  An ooze (D:1)
  3 worms
  2 dart slugs
  6 bats
  A giant cockroach (D:1)
  6 goblins
  7 hobgoblins
  4 kobolds
  A quokka (D:3)
  4 frilled lizards
  6 rats
51 creatures vanquished.

Notes
Turn   | Place    | Note
-------+----------+-------------------------------------------
     0 | D:1      | hawla the Minotaur Gladiator began the quest for the Orb.
     0 | D:1      | Reached XP level 1. HP: 18/18 MP: 0/0
   219 | D:1      | Reached skill level 4 in Long Blades
   268 | D:1      | Reached XP level 2. HP: 25/25 MP: 1/1
   642 | D:2      | Reached XP level 3. HP: 24/30 MP: 2/2
   816 | D:2      | Found a shadowy altar of Dithmenos.
  1111 | D:2      | Reached XP level 4. HP: 38/38 MP: 3/3
  1409 | D:3      | Found a radiant altar of Vehumet.
  1409 | D:3      | Found a white marble altar of Elyvilon.
  1583 | D:3      | Found an opulent altar of Gozag.
  1588 | D:3      | Reached skill level 1 in Armour
  1601 | D:3      | Found a shimmering blue altar of Sif Muna.
  1608 | D:3      | Became a worshipper of Gozag Ym Sagoz the Greedy
  2027 | D:3      | Reached XP level 5. HP: 45/45 MP: 4/4
  2502 | D:3      | Noticed a centaur
  2518 | D:3      | Killed a centaur
  2518 | D:3      | Reached skill level 5 in Long Blades
  2780 | D:3      | Noticed a water moccasin
  2796 | D:3      | Gained mutation: Your movements are slightly less
                  | encumbered by armour. (ER -2) [potion of mutation]
  2796 | D:3      | Gained mutation: You evolve. [potion of mutation]
  2796 | D:3      | HP: 2/45 [poisoned by a water moccasin]
  2798 | D:3      | Succumbed to a water moccasin's poison

Illustrated notes

Levels and vault maps discovered:
D:1:      psy_arrival_heroes, layout_basic, minmay_domino_4
D:2:      layout_loops_ring, grunt_dithmenos_smoke_and_mirrors, minivault_4,
          minmay_misc_feat_enclosed, kennysheep_decorative_pillar,
          kennysheep_cross_bottleneck
D:3:      layout_basic, grunt_temple_overflow_open, first_ration, serial_rivers,
          chequers_serial_rivers_marsh, chequers_serial_rivers_small_a,
          chequers_serial_rivers_micro_e, chequers_serial_rivers_micro_e,
          chequers_serial_rivers_small_3, chequers_serial_rivers_micro_a

Skill      XL: |  1  2  3  4  5 |
---------------+----------------+-----
Long Blades    | 4 5 |  5.0
Dodging        | 4 |  4.7
Fighting       | 3 |  3.4
Armour         | 1 2 |  2.3
Short Blades   | |  0.9
Throwing       | |  2.4
Stealth        | |  0.4

Action                   |  1- 3 |  4- 6 || total
-------------------------+-------+-------++-------
Melee: Long sword        |    39 |       ||    39
       Headbutt          |     9 |    10 ||    19
       Dagger            |     3 |    69 ||    72
Throw: Dart              |       |     6 ||     6
  Use: Scroll            |     5 |     3 ||     8
       Potion            |       |     6 ||     6
 Stab: Invisible         |       |     2 ||     2
  Eat: Chunk             |     1 |     2 ||     3
       Ration            |       |     2 ||     2
Armor: Leather armour    |     4 |    10 ||    14
Dodge: Dodged            |    36 |    53 ||    89
       Rpst.: Long sword |    13 |       ||    13
